 Dungeon Crawl Stone Soup version 0.18-a0-1799-g6250cb2 (webtiles) character file.

441 Laan the Sneak (level 7, -6/40 HPs)
             Began as a Kobold Assassin on Apr 23, 2016.
             Mangled by a gnoll
             ... wielding a +0 spear
              (8 damage)
             ... on level 4 of the Dungeon.
             The game lasted 00:10:28 (4220 turns).

Laan the Sneak (Kobold Assassin)                    Turns: 4220, Time: 00:10:29

Health: -6/40      AC:  5    Str:  9    XL:     7   Next: 22%
Magic:  7/7        EV: 14    Int: 12    God:
Gold:   78         SH:  6    Dex: 20    Spells: 0 memorised, 6 levels left

rFire  . . .     SeeInvis .     u - +2 rapier (vamp)
rCold  . . .     Gourm    .     c - +0 robe
rNeg   . . .     Faith    .     l - +0 buckler (curse)
rPois  .         Spirit   .     y - +0 helmet {Int+3}
rElec  .         Dismiss  .     d - +0 cloak
rCorr  .         Reflect  .     z - +0 pair of gloves
SustAt +         Harm     .     (no boots)
MR     .....                    (no amulet)
Stlth  ++++......               (no ring)
                                v - ring of sustain attributes

@: not resistant to hostile enchantments, stealthy
A: carnivore 3
a: no special abilities


You were on level 4 of the Dungeon.
You were very full.

You visited 1 branch of the dungeon, and saw 4 of its levels.

You collected 78 gold pieces.

Inventory:

Hand Weapons
 a - a +2 dagger
 b - a +0 blowgun
 u - a +2 vampiric rapier (weapon)
 w - a cursed -1 dagger
 x - a +6 short sword of draining
 C - a +1 dagger of draining
Missiles
 e - 8 poisoned needles
 f - 2 curare-tipped needles
 p - 7 needles of confusion
Armour
 c - a +0 robe (worn)
 d - a +0 cloak (worn)
 l - a cursed +0 buckler (worn)
 y - a +0 helmet of intelligence (worn)
 z - a +0 pair of gloves (worn)
Jewellery
 v - a ring of sustain attributes (left hand)
Scrolls
 i - 4 scrolls of identify {unknown}
 k - 4 scrolls of blinking {unknown}
 n - 2 scrolls of fear {unknown}
 r - a scroll of magic mapping {unknown}
 s - a scroll of remove curse {unknown}
 A - a scroll of noise {unknown}
 B - a scroll of fog {unknown}
 E - a scroll of teleportation {unknown}
Potions
 j - 2 potions of degeneration {unknown}
 m - a potion of invisibility {unknown}
 o - 2 potions of lignification {unknown}
 q - a potion of cancellation {unknown}
 t - a potion of curing {unknown}
Comestibles
 g - 2 meat rations
 h - a slice of pizza


   Skills:
 - Level 2.1 Fighting
 * Level 7.1 Short Blades
 - Level 2.1 Throwing
 - Level 1.2 Dodging
 + Level 7.6 Stealth
 + Level 2.2 Shields


You had 6 spell levels left.
You didn't know any spells.

Dungeon Overview and Level Annotations

Branches:
Dungeon (4/15)
 Temple: D:4-7

Altars:
Fedhas


Innate Abilities, Weirdness & Mutations

You are small and have problems with some larger weapons.
You are carnivorous and can eat meat at any time.


Message History

You kill the gnoll!
The gnoll hits you from afar with a spear.
The gnoll barely misses you. The gnoll hits you with a spear.
Things that are here:
a flail; a gnoll corpse You hit the gnoll.
The gnoll is severely wounded.
You block the gnoll's attack.
The gnoll hits you from afar with a halberd!
You barely miss the gnoll.
The gnoll is severely wounded.
The gnoll hits you with a spear. The gnoll barely misses you.
You barely miss the gnoll.
The gnoll is severely wounded.
The gnoll hits you with a spear!
* * * LOW HITPOINT WARNING * * *
You are too injured to fight recklessly!
You are too injured to fight recklessly!
The gnoll hits you from afar with a spear!
You die...

### ######
#.#######.#..######
#..................
#.#########..#####.
#.#..........#
#.#.########@#
#####.# #)# ......#
#g# ####..#


gg# ......##### #..# ............ .... .#.#.######. ..... .#.#.#### #...#
.........# #.... You could see 3 gnolls.

Vanquished Creatures
  A phantom (D:4)
  A scorpion (D:4)
  An orc priest (D:3)
  2 orc wizards (D:4)
  An iguana (D:4)
  Natasha (D:3)
  Robin (D:3)
  4 adders
  4 gnolls
  2 oozes (D:3)
  2 worms (D:2)
  A giant gecko (D:1)
  9 orcs
  9 bats
  12 goblins
  6 hobgoblins
  4 jackals (D:1)
  7 kobolds
  4 giant newts
  A jackal skeleton (D:3)
  7 rats
80 creatures vanquished.

Notes
Turn   | Place    | Note
--------------------------------------------------------------
     0 | D:1      | Laan the Kobold Assassin began the quest for the Orb.
     0 | D:1      | Reached XP level 1. HP: 12/12 MP: 1/1
   283 | D:1      | Reached XP level 2. HP: 17/17 MP: 2/2
   530 | D:1      | Reached XP level 3. HP: 15/21 MP: 3/3
  1267 | D:2      | Found a blossoming altar of Fedhas.
  1431 | D:2      | Reached XP level 4. HP: 26/26 MP: 4/4
  2155 | D:3      | Reached skill level 5 in Short Blades
  2531 | D:3      | Noticed Robin
  2540 | D:3      | Reached XP level 5. HP: 30/30 MP: 5/5
  2549 | D:3      | Killed Robin
  2549 | D:3      | Reached skill level 1 in Shields
  3125 | D:3      | Noticed Natasha
  3129 | D:3      | Killed Natasha
  3129 | D:3      | Reached XP level 6. HP: 35/35 MP: 6/6
  3406 | D:4      | Noticed a phantom
  3644 | D:4      | Killed a phantom
  3915 | D:4      | Reached XP level 7. HP: 36/40 MP: 7/7
  4219 | D:4      | HP: 2/40 [gnoll/spear (11)]
  4220 | D:4      | Mangled by a gnoll

Vault maps used:
D:1:      erik_arrival_triangle_small
D:2:      fedhas_altar_3
D:3:      first_bread, uniq_natasha, uniq_robin

Skill      XL: |  1  2  3  4  5  6  7 |
---------------+----------------------+-----
Short Blades   | 3 4 5 6 7 |  7.1
Stealth        | 6 7 |  7.6
Shields        | 1 2 |  2.2
Fighting       | |  2.1
Throwing       | |  2.1
Dodging        | |  1.2

Action                   |  1- 3 |  4- 6 |  7- 9 || total
-------------------------+-------+-------+-------++-------
Melee: Dagger            |   112 |    63 |       ||   175
       Rapier            |       |   106 |    45 ||   151
 Stab: Sleeping          |    11 |     5 |     1 ||    17
  Eat: Chunk             |     9 |    10 |     4 ||    23
Armor: Robe              |    18 |    16 |     1 ||    35
Dodge: Dodged            |    68 |    53 |    24 ||   145
Block: Buckler           |    12 |    24 |    12 ||    48
